Map: Solaris LE

Players

Valyria

  • Race: Zerg Zerg
  • League: Gold
  • Spawn Location: 1:00

Broxopios - Winner!

  • Race: Protoss Protoss
  • League: Gold
  • Spawn Location: 7:00

VOD

Have the link to the VOD?

Description

Time

  • Played on: Nov. 27, 2023, 6:03 p.m.
  • Length: 8:57
Show
View Real Time Build Order
Export as new Build Order

Valyria Zerg 

Build Orders: Hatch First 

Get SALT Encoding   

  12  0:00  Drone  
  13  0:19  Overlord  
  13  0:22  Drone  
  14  0:38  Drone x2  
  16  0:50  Hatchery  
  16  0:57  Drone x2  
  17  1:12  Spawning Pool  
  17  1:16  Drone  
  17  1:19  Extractor  
  17  1:24  Drone  
  17  1:54  Drone x3  
  17  2:00  Queen  
  22  2:02  Queen  
  22  2:04  Zergling x2  
  25  2:12  Zergling x2  
  25  2:13  Zergling x2  
  27  2:18  Zergling x2  
  27  3:05  Overlord x2  
  27  3:06  Overlord x2  
  27  3:12  Drone, Hatchery  
  27  3:28  Drone x3  
  27  3:29  Drone x4  
  34  3:35  Extractor  
  34  3:36  Extractor  
  34  3:40  Extractor  
  31  4:02  Drone x8  
  39  4:11  Drone  
  40  4:17  Drone  
  40  4:22  Drone x4  
  45  4:25  Drone  
  45  4:30  Drone  
  45  4:31  Drone  
  48  4:36  Drone  
  49  4:40  Drone x2  
  49  4:45  Drone x2  
  52  4:49  Drone x3  
  56  4:58  Lair  
  56  5:03  Queen  
  56  5:06  Queen  
  60  5:12  Drone x5  
  65  5:46  Overlord x4  
  65  5:56  Zergling x2  
  65  5:57  Zergling x2  
  65  6:00  Overlord x2  
  65  6:01  Overlord  
  65  6:19  Spore Crawler  
  65  6:21  Drone  
  65  6:23  Spore Crawler  
  64  6:26  Drone, Spore Crawler  
  64  6:27  Drone x5  
  64  6:30  Zergling x10  
  64  6:31  Zergling x6  
  77  6:40  Evolution Chamber  
  77  6:42  Drone x2  
  77  6:43  Zergling x4, Evolution Chamber  
  77  6:44  Zergling x6  
  81  7:05  Zergling x2  
  81  7:06  Zergling x12  
  76  7:18  Zergling x2  
  76  7:19  Zergling x2  
  61  7:33  Zergling x2  
  61  7:34  Zergling x12  
  65  7:43  Zergling x2  
  58  7:44  Zergling x2  
  51  7:56  Zergling x4  
  39  7:58  Queen  
  37  8:08  Hatchery  
  37  8:10  Hatchery  
  28  8:15  Spine Crawler  
  28  8:16  Spine Crawler  
  28  8:17  Zergling x2  
  28  8:18  Zergling x6, Spine Crawler  
  28  8:19  Spine Crawler  
  25  8:26  Zergling x8  
  27  8:33  Spire  
Show
View Real Time Build Order
Export as new Build Order

Broxopios Protoss - Winner!

Build Orders:  

Get SALT Encoding   

  12  0:01  Probe  
  13  0:13  Probe  
  14  0:23  Pylon  
  14  0:26  Probe  
  15  0:39  Assimilator  
  15  0:46  Gateway  
  15  0:54  Probe  
  16  1:07  Probe  
  17  1:19  Probe  
  18  1:31  Probe  
  19  1:36  Cybernetics Core  
  19  1:45  Nexus  
  19  1:48  Probe  
  20  2:00  Probe  
  21  2:13  Gateway  
  21  2:16  Warp Gate  
  21  2:20  Adept  
  23  2:40  Probe  
  23  2:44  Assimilator  
  23  2:45  Pylon  
  23  2:56  Probe  
  24  2:59  Sentry  
  24  3:01  Stalker  
  28  3:08  Probe, Pylon  
  29  3:20  Probe  
  29  3:24  Robotics Facility  
  31  3:36  Probe x2 (Chrono Boost)  
  32  3:46  Probe (Chrono Boost)  
  32  3:47  Pylon  
  32  3:48  Probe (Chrono Boost)  
  34  3:51  Probe (Chrono Boost)  
  35  3:57  Probe  
  35  4:02  Probe (Chrono Boost), Pylon  
  37  4:03  Gateway  
  37  4:05  Gateway  
  38  4:12  Probe (Chrono Boost)  
  38  4:14  Probe (Chrono Boost)  
  40  4:17  Observer (Chrono Boost)  
  40  4:23  Probe (Chrono Boost)  
  42  4:25  Probe (Chrono Boost)  
  42  4:28  Probe  
  43  4:32  Zealot  
  43  4:33  Probe  
  43  4:35  Immortal (Chrono Boost)  
  43  4:36  Stalker  
  52  5:01  Stalker x2  
  52  5:02  Stalker  
  52  5:03  Stalker  
  52  5:05  Probe  
  61  5:09  Immortal  
  65  5:24  Pylon  
  65  5:28  Pylon  
  65  5:34  Pylon  
  65  5:37  Pylon  
  65  6:01  Stalker  
  65  6:02  Zealot x3  
  73  6:17  Immortal  
  77  6:23  Zealot x3  
  77  6:24  Zealot  
  85  6:31  Twilight Council  
  85  6:33  Forge  
  85  6:35  Gateway  
  85  6:37  Gateway  
  85  6:39  Gateway x2  
  85  6:56  Immortal  
  79  7:20  Zealot x4  
  85  7:35  Immortal (Chrono Boost)  
  81  7:42  Zealot x3  
  81  7:43  Zealot x5  
  89  8:11  Warp Prism (Chrono Boost)  
  89  8:12  Zealot x5  
  101  8:26  Pylon  
  101  8:27  Pylon  
  101  8:29  Pylon  
  101  8:31  Pylon  
Tags
 
League
GoldGold
Matchup
PvZ
Spawn Locations
Cross Positions
Add a new tag
Caveats
  • Supply blocks, unpowered buildings, or Contaminate may cause inaccurate times.
  • Supply counts are checked every 10 seconds.